 Dungeon Crawl Stone Soup version 0.29.1-13-g9f3cf754e1 (webtiles) character file.

Game seed: 13204772663242127498

14657 Exodus22XD the Severer (level 11, -3/100 HPs)
             Began as a Minotaur Fighter on Feb 3, 2023.
             Was the Champion of Jiyva.
             Slain by a gnoll sergeant
             ... wielding a +3 spear of freezing
              (6 damage)
             ... on level 11 of the Dungeon.
             The game lasted 00:16:03 (7593 turns).

Exodus22XD the Severer (Minotaur Fighter)           Turns: 7593, Time: 00:16:10

Health: -3/100     AC: 21    Str: 26    XL:     11   Next: 91%
Magic:  13/13      EV: 11    Int:  5    God:    Jiyva [******]
Gold:   946        SH:  7    Dex: 15    Spells: 10/10 levels left

rFire   . . .      SeeInvis .   J - +0 broad axe
rCold   . . .      Faith    .   c - +0 buckler
rNeg    . . .      Spirit   .   E - +0 plate armour
rPois   .          Reflect  .   i - +1 hat
rElec   .          Harm     .   k - +1 cloak
rCorr   +          Rampage  .   (no gloves)
Will    .....                   y - +0 pair of boots
Stlth   ..........              (no amulet)
HPRegen 1.86/turn               m - +6 ring of dexterity
MPRegen 0.63/turn               (no ring)

@: mighty, marked, hasted, studying Shields, very quick
A: horns 2, retaliatory headbutt, high MP 3, sense surroundings 2, gelatinous
body 2, jelly absorbing missiles
a: Renounce Religion, Oozemancy, Slimify


You were on level 11 of the Dungeon.
You worshipped Jiyva.
Jiyva was exalted by your worship.
You visited 1 branch of the dungeon, and saw 11 of its levels.
You also visited: Sewer and Bailey.

You collected 946 gold pieces.

Inventory:

Hand Weapons
 a - a +0 war axe
 f - a +0 whip of flaming
 l - a +1 hand axe of freezing
 v - a +2 hand axe of freezing
 C - a +5 halberd
 F - a +0 morningstar
 G - a +0 trident of freezing
 J - a +0 broad axe (weapon)
Armour
 c - a +0 buckler (worn)
 i - a +1 hat (worn)
 k - a +1 cloak (worn)
 y - a +0 pair of boots (worn)
 E - a +0 plate armour (worn)
 M - a +0 troll leather armour
Jewellery
 m - a +6 ring of dexterity (left hand)
 s - an amulet of faith
Wands
 x - a wand of digging (10)
 K - a wand of light (4)
Scrolls
 e - a scroll of silence {unknown}
 j - a scroll of enchant armour
 n - 3 scrolls of blinking {unknown}
 q - a scroll of poison {unknown}
 t - a scroll of noise {unknown}
 u - 4 scrolls of teleportation
 z - a scroll of enchant weapon {unknown}
 B - a scroll of summoning
 D - a scroll of brand weapon {unknown}
 L - a scroll of immolation
Potions
 d - a potion of might
 g - a potion of mutation {unknown}
 h - a potion of cancellation {unknown}
 o - 5 potions of curing
 p - 2 potions of heal wounds {unknown}
 r - a potion of attraction {unknown}
 w - a potion of haste
 A - 4 potions of flight
 H - 2 potions of degeneration {unknown}
Miscellaneous
 b - a box of beasts
 I - a lightning rod (4/4)


   Skills:
 + Level 10.2 Fighting
 + Level 16.1(16.2) Axes
 + Level 1.4(10.6) Polearms
 + Level 10.8 Armour
 + Level 3.9 Dodging
 + Level 11.1 Shields


You had 10 spell levels left.
You didn't know any spells.
Your spell library contained the following spells:

 Spells                   Type           Power      Damage    Failure   Level
 Summon Forest            Summ/Tloc      0%         N/A       100%        5
 Eringya's Noxious Bog    Tmut/Pois      0%         N/A       100%        6
 Summon Hydra             Summ           0%         N/A       100%        7


Dungeon Overview and Level Annotations

Branches:
Dungeon (11/15)            Temple (0/1) D:7            Lair (0/5) D:10
    Orc (0/2) D:10          Sewer (visited)          Bailey (visited)

Altars:
Ashenzari
Cheibriados
Dithmenos
Fedhas
Gozag
Makhleb
Okawaru
Sif Muna
Xom
Yredelemnul
Zin
The Shining One
Jiyva

Shops:
D:2 !   D:7 *   D:11 (*

Annotations:
D:11 Grum


Innate Abilities, Weirdness & Mutations

You have a pair of horns on your head.
You reflexively headbutt those who attack you in melee.
You have a greatly increased reservoir of magic. (+30% MP)
You passively map the area around you.
Your pliable body absorbs attacks. (AC +2, EV +2)
You have a small jelly attached to you that may absorb projectiles.


Message History

The yak gores you but does no damage. The yak barely misses you.
You furiously retaliate!
You headbutt the yak. The yak gores you!
* * * LOW HITPOINT WARNING * * *
The yak gores you but does no damage. You block the gnoll sergeant's attack.
You puncture the six-headed hydra! You freeze the six-headed hydra.
Your headbutt misses the six-headed hydra.
The six-headed hydra is severely wounded.
The six-headed hydra bites you.
* * * LOW HITPOINT WARNING * * *
The six-headed hydra bites you but does no damage.
You block the six-headed hydra's attack. x2
The six-headed hydra bites you but does no damage.
You block the six-headed hydra's attack.
You puncture the six-headed hydra!
The six-headed hydra seems to slow down.
You freeze the six-headed hydra. You headbutt the six-headed hydra.
You kill the six-headed hydra!
Grum barely misses you. The yak gores you but does no damage.
You block the yak's attack. The yak barely misses you.
You block the yak's attack. The yak gores you but does no damage.
The gnoll sergeant barely misses you.
Your +0 trident of freezing stops glowing.
J - a +0 broad axe (weapon)
The centaur misses you.
The centaur kicks you but does no damage.
You are too injured to fight recklessly!
Unknown command.
You slice the yak!! Your headbutt misses the yak.
The yak is heavily wounded.
You slash the yak! You hit the yak but do no damage. You hit the yak.
You closely miss the centaur. You slash the yak!
Grum hits you from afar with a +1 spear.
* * * LOW HITPOINT WARNING * * *
You block the yak's attack. The yak gores you.
* * * LOW HITPOINT WARNING * * *
The yak closely misses you. You furiously retaliate!
You headbutt the yak! The yak gores you but does no damage. The yak gores you!
* * * LOW HITPOINT WARNING * * *
The gnoll sergeant hits you from afar with a +3 spear of freezing.
You die...

...##......#'#..##.....
,* *
>.....#....†)#...#.....
, *
.....##.#.†)....##....#
, ..###
#....#.......... . , ,
.,
.....#..###......##..
,, ,
.....##..##..........
.....##...........###,,
* .....##....gcY†......
* ,
...........HHY@8.....#
,,.........DYYY......
,,
....#.....ggg..##..,, ,
, , ..#.#...C..g.###* ,
,, , .##.........∩# *,
, , , , #.#........# *
, , ###......#8# * ,
##.##.##.# * * *


You could see 2 manticores, a cyclops, Grum, 5 yaks, an acid dragon, a gnoll
sergeant, a centaur and 3 gnolls.

Vanquished Creatures
  Fannar (D:11)
  3 hydras (D:11)
  3 two-headed ogres
  Pikel (D:9)
  An orc knight (Bailey)
  A manticore (D:11)
  A cyclops (D:9)
  An ugly thing (D:9)
  A gargoyle (D:11)
  2 unseen horror zombies (D:9)
  A troll (D:11)
  A shadow (D:10)
  3 wyverns
  A wraith (D:11)
  7 yaks (D:11)
  4 steam dragons
  An acid dragon (D:10)
  2 water moccasins
  10 orc warriors
  An ogre (D:7)
  A black bear (D:7)
  An ice beast (D:5)
  3 sky beasts
  3 wolves (D:11)
  4 centaurs (D:11)
  A lemure (D:9)
  3 phantoms
  2 kobold brigands
  3 bullfrogs
  3 necrophages (D:9)
  A gnoll sergeant (D:9)
  2 scorpions
  4 wights (D:8)
  18 killer bees
  A troll zombie (D:10)
  5 howler monkeys
  A hound (D:5)
  A human zombie (D:9)
  7 orc priests
  5 iguanas
  8 orc wizards
  5 ogre zombies (D:10)
  5 mummies
  2 howler monkey zombies (D:9)
  21 gnolls
  7 adders
  A shadow imp (D:6)
  3 white imps
  An ufetubus (D:6)
  A worm (D:4)
  26 orcs
  2 endoplasms (D:1)
  6 goblins
  7 hobgoblins
  2 jackals (D:2)
  3 quokkas
  9 ball pythons
  10 bats
  A frilled lizard (D:3)
  4 goblin skeletons (D:10)
  3 goblin zombies (D:10)
  2 hobgoblin zombies (D:10)
  23 kobolds
  3 orc skeletons (D:10)
  7 orc zombies (D:10)
  3 rats
280 creatures vanquished.

Vanquished Creatures (collateral kills)
  A kobold (Bailey)
1 creature vanquished.

Vanquished Creatures (others)
  An ice beast (D:8)
  An orc warrior (D:10)
  A black bear (D:10)
  A phantom (D:5)
  A bullfrog (D:10)
  A scorpion (D:4)
  A howler monkey (D:6)
  A hound (D:5)
  An orc priest (D:8)
  15 jellies
  3 orc wizards
  A gnoll (D:2)
  An adder (D:2)
  An ufetubus (D:3)
  9 orcs
  2 endoplasms
  2 giant cockroaches (D:3)
  3 goblins
  4 hobgoblins
  5 kobolds
  A quokka (D:3)
  2 ball pythons (D:2)
  A frilled lizard (D:2)
  2 rats (D:2)
  28 fungi
  22 plants (D:10)
111 creatures vanquished.

Grand Total: 392 creatures vanquished

Notes
Turn   | Place    | Note
-------+----------+-------------------------------------------
     0 | D:1      | Exodus22XD the Minotaur Fighter began the quest for the
                  | Orb.
     0 | D:1      | Reached XP level 1. HP: 19/19 MP: 0/0
   312 | D:1      | Reached XP level 2. HP: 26/27 MP: 1/1
   836 | D:2      | Identified the +6 trident of Melee {venom, *Noise *Corrode
                  | Str+8}
  1039 | D:2      | Found a faded altar of an unknown god.
  1053 | D:2      | Prayed at the altar of an unknown god.
  1053 | D:2      | Became a worshipper of Jiyva Jestinit the Shapeless
  1053 | D:2      | Reached * piety under Jiyva
  1282 | D:2      | Reached skill level 3 in Axes
  1282 | D:2      | Reached XP level 3. HP: 33/33 MP: 2/2
  1368 | D:2      | Found Utruewk's Distillery.
  1642 | D:3      | Reached ** piety under Jiyva
  1763 | D:3      | Reached XP level 4. HP: 38/40 MP: 3/3
  1848 | D:3      | Found an iron altar of Okawaru.
  2027 | D:3      | Found a shimmering blue altar of Sif Muna.
  2269 | D:3      | Reached *** piety under Jiyva
  2470 | D:4      | Reached skill level 4 in Axes
  2470 | D:4      | Reached skill level 1 in Dodging
  2523 | D:4      | Reached XP level 5. HP: 46/46 MP: 4/4
  2523 | D:4      | Gained mutation: Your melee attacks may engulf your foes in
                  | ooze. [Jiyva's grace]
  2523 | D:4      | Gained mutation: You passively map a small area around you.
                  | [Jiyva's grace]
  2523 | D:4      | Gained mutation: You passively map the area around you.
                  | [Jiyva's grace]
  2523 | D:4      | Gained mutation: You passively map a large area around you.
                  | [Jiyva's grace]
  2537 | D:4      | Found a burning altar of Makhleb.
  2889 | D:5      | Entered Level 5 of the Dungeon
  2923 | D:5      | Found a snail-covered altar of Cheibriados.
  2972 | D:5      | Found a glowing golden altar of the Shining One.
  3046 | D:5      | Reached **** piety under Jiyva
  3121 | D:5      | Reached skill level 5 in Armour
  3124 | D:5      | Noticed a water moccasin
  3133 | D:5      | Killed a water moccasin
  3134 | D:5      | Reached skill level 5 in Axes
  3134 | D:5      | Reached XP level 6. HP: 52/53 MP: 5/5
  3363 | D:5      | Found a shimmering altar of Xom.
  3560 | D:5      | Reached skill level 6 in Axes
  3617 | D:5      | Reached ***** piety under Jiyva
  3804 | D:5      | Noticed an ice beast
  3812 | D:5      | Killed an ice beast
  3813 | D:5      | Reached skill level 5 in Fighting
  3813 | D:5      | Reached XP level 7. HP: 61/61 MP: 6/6
  4027 | D:6      | Found a glowing drain.
  4038 | D:6      | Gained mutation: Your rubbery body absorbs attacks. (AC +1,
                  | EV +1) [Jiyva's grace]
  4038 | D:6      | Gained mutation: Your pliable body absorbs attacks. (AC +2,
                  | EV +2) [Jiyva's grace]
  4038 | D:6      | Gained mutation: Your gelatinous body deflects attacks. (AC
                  | +3, EV +3) [Jiyva's grace]
  4038 | D:6      | Gained mutation: You are agile. (Dex +4, Str/Int -1)
                  | [Jiyva's grace]
  4069 | Sewer    | Entered a sewer
  4108 | Sewer    | Reached skill level 7 in Axes
  4450 | D:6      | Reached skill level 5 in Shields
  4683 | D:7      | Found a staircase to the Ecumenical Temple.
  4687 | D:7      | Reached XP level 8. HP: 69/69 MP: 7/7
  4696 | D:7      | Reached skill level 8 in Axes
  4801 | D:7      | Found a broken altar of Ashenzari.
  4838 | D:7      | Found Posik's Assorted Antiques.
  4847 | D:7      | Reached skill level 9 in Axes
  5312 | D:8      | Reached skill level 10 in Axes
  5317 | D:8      | Reached XP level 9. HP: 78/78 MP: 8/8
  5468 | D:8      | Reached ****** piety under Jiyva
  5469 | D:8      | Found a shadowy altar of Dithmenos.
  5694 | D:9      | Lost mutation: You are agile. (Dex +4, Str/Int -1) [Jiyva's
                  | grace]
  5694 | D:9      | Lost mutation: You passively map a large area around you.
                  | [Jiyva's grace]
  5694 | D:9      | Lost mutation: Your gelatinous body deflects attacks. (AC
                  | +3, EV +3) [Jiyva's grace]
  5694 | D:9      | Lost mutation: Your melee attacks may engulf your foes in
                  | ooze. [Jiyva's grace]
  5694 | D:9      | Gained mutation: You have a small jelly attached to you
                  | that may absorb projectiles. [Jiyva's grace]
  5694 | D:9      | Gained mutation: You have an increased reservoir of magic.
                  | (+10% MP) [Jiyva's grace]
  5694 | D:9      | Gained mutation: You have a considerably increased
                  | reservoir of magic. (+20% MP) [Jiyva's grace]
  5694 | D:9      | Gained mutation: You have a greatly increased reservoir of
                  | magic. (+30% MP) [Jiyva's grace]
  5771 | D:9      | Found a basalt altar of Yredelemnul.
  5786 | D:9      | Reached skill level 11 in Axes
  5842 | D:9      | Noticed a two-headed ogre
  5850 | D:9      | Killed a two-headed ogre
  5851 | D:9      | Reached skill level 12 in Axes
  5912 | D:9      | Reached XP level 10. HP: 80/86 MP: 12/12
  5934 | D:9      | Noticed Pikel
  5944 | D:9      | Killed Pikel
  6022 | D:9      | Reached skill level 13 in Axes
  6054 | D:9      | Found an opulent altar of Gozag.
  6070 | D:9      | Noticed a cyclops
  6081 | D:9      | Killed a cyclops
  6176 | D:9      | Found a glowing silver altar of Zin.
  6267 | D:9      | Found a blossoming altar of Fedhas.
  6300 | D:9      | Found a flagged portal.
  6307 | D:9      | Noticed a purple ugly thing
  6317 | D:9      | Killed a purple ugly thing
  6323 | Bailey   | Entered a bailey
  6337 | Bailey   | Noticed an orc knight
  6364 | Bailey   | Killed an orc knight
  6673 | D:10     | Entered Level 10 of the Dungeon
  6811 | D:10     | Reached skill level 14 in Axes
  6818 | D:10     | Found a staircase to the Orcish Mines.
  6919 | D:10     | Noticed a two-headed ogre
  6927 | D:10     | Killed a two-headed ogre
  6928 | D:10     | Reached XP level 11. HP: 80/95 MP: 13/13
  6973 | D:10     | Noticed a two-headed ogre
  6983 | D:10     | Killed a two-headed ogre
  7179 | D:10     | Found a staircase to the Lair.
  7406 | D:11     | Reached skill level 15 in Axes
  7414 | D:11     | Reached skill level 10 in Armour
  7415 | D:11     | Reached skill level 10 in Shields
  7506 | D:11     | Noticed an eight-headed hydra
  7514 | D:11     | Killed an eight-headed hydra
  7529 | D:11     | Found Jaepoega's Weapon Shoppe.
  7532 | D:11     | Found Xuagh's Assorted Antiques.
  7533 | D:11     | Noticed Fannar
  7550 | D:11     | Killed Fannar
  7551 | D:11     | Reached skill level 1 in Polearms
  7568 | D:11     | Noticed a four-headed hydra
  7568 | D:11     | Noticed Grum
  7569 | D:11     | Reached skill level 10 in Fighting
  7574 | D:11     | Noticed a six-headed hydra
  7587 | D:11     | Killed a four-headed hydra
  7588 | D:11     | Reached skill level 16 in Axes
  7591 | D:11     | Killed a six-headed hydra
  7593 | D:11     | HP: 3/100 [yak (8)]
  7593 | D:11     | Slain by a gnoll sergeant

Illustrated notes

Levels and vault maps discovered:
D:1:      reono_arrival_forest_river, layout_loops_ring,
          corexii_leaking_fountain, chequers_serial_rivers_room_b
D:2:      minmay_recursive_quarters, layout_loops_ring,
          hellmonk_ecumenical_altar_dog_temple, serial_shops,
          nicolae_shop_crystal
D:3:      layout_loops_corners, kennysheep_orc_sif_temple,
          okawaru_ov_weapons_minmay, serial_glass, glass_columns_b,
          glass_columns_b
D:4:      layout_basic, mainiacjoe_overflow_boulevard, st_stairs_3
D:5:      layout_layer_cave, slow_altar_1, mainiacjoe_overflow_paths,
          dk_xom_monty_hall
D:6:      layout_loops_ring, cheibrodos_sewer_entry_drain, minmay_manual_mess
D:7:      kennysheep_steamy, layout_rooms, mainiacjoe_overflow_tiny_flanked,
          minmay_temple_entry_crystal_x, serial_shops, nicolae_shop_trees
D:8:      layout_rooms, lemuel_doored_altar
D:9:      layout_gridville, pdpol_temple_overflow_zin_treasury_gozag_greed,
          overflow_temple_1_default, lemuel_mausoleum_altar_yredelemnul,
          enter_bailey_6, uniq_pikel
D:10:     layout_small_grid, grunt_lair_entry_orc_guard_hut, zombieorc1_lemuel
D:11:     layout_cave_pools, serial_shops, shop, shop_statue, kennysheep_mini,
          minmay_diced_spiral, uniq_grum, uniq_fannar

Skill      XL: |  1  2  3  4  5  6  7  8  9 10 11 |
---------------+----------------------------------+-----
Shields        | 4 5 6 7 9 11 | 11.1
Fighting       | 4 5 6 7 8 10 | 10.2
Armour         | 4 5 6 7 8 9 10 | 10.8
Axes           | 3 4 5 6 7 10 12 14 16 | 16.1
Dodging        | 1 2 3 |  3.9
Polearms       | 1 |  1.4

Action                   |  1- 3 |  4- 6 |  7- 9 | 10-12 || total
-------------------------+-------+-------+-------+-------++-------
Melee: War axe           |    71 |    89 |   205 |    67 ||   432
       Headbutt          |     6 |    19 |    46 |    67 ||   138
       Broad axe         |       |       |       |   170 ||   170
       Hand axe          |       |       |       |    46 ||    46
       Trident           |       |       |       |    20 ||    20
  Use: Potion            |       |       |       |     5 ||     5
       Scroll            |       |       |       |     5 ||     5
Armor: Scale mail        |    33 |    21 |    80 |       ||   134
       Plate armour      |       |       |    61 |   196 ||   257
Dodge: Dodged            |    33 |    48 |   124 |   191 ||   396
Block: Buckler           |    19 |    29 |    68 |   127 ||   243
